 Dungeon Crawl Stone Soup version 0.26.1-10-gdfb7c7de75 (webtiles) character file.

Game seed: 9391150180203715558

127 tardwrangler69 the Covered (level 4, 0/41 HPs)
             Began as a Minotaur Fighter on Apr 3, 2021.
             Slain by an orc
             ... wielding a +0 mace
              (4 damage)
             ... on level 2 of the Dungeon.
             The game lasted 00:01:13 (1008 turns).

tardwrangler69 the Covered (Minotaur Fighter)       Turns: 1008, Time: 00:01:14

Health: 0/41       AC:  8    Str: 22    XL:     4   Next: 85%
Magic:  3/3        EV:  8    Int:  5    God:
Gold:   33         SH:  9    Dex:  9    Spells: 3/3 levels left

rFire    . . .     SeeInvis +   a - +0 war axe
rCold    . . .     Faith    .   c - +0 kite shield
rNeg     . . .     Spirit   .   b - +0 scale mail
rPois    .         Reflect  .   (helmet restricted)
rElec    .         Harm     .   (no cloak)
rCorr    .         Rampage  .   h - +0 pair of gloves
Will     .....                  (no boots)
Stlth    ..........             (no amulet)
HPRegen  0.13/turn              f - ring of see invisible
MPRegen  0.08/turn              (no ring)

@: slowed, very slow
A: retaliatory headbutt, horns 2
a: no special abilities


You were on level 2 of the Dungeon.
You visited 1 branch of the dungeon, and saw 2 of its levels.

You collected 33 gold pieces.

Inventory:

Hand Weapons
 a - a +0 war axe (weapon)
Armour
 b - a +0 scale mail (worn)
 c - a +0 kite shield (worn)
 h - a +0 pair of gloves (worn)
Jewellery
 f - a ring of see invisible (left hand)
Scrolls
 g - a scroll of blinking {unknown}
 k - 2 scrolls of magic mapping {unknown}
 l - a scroll of identify {unknown}
 n - a scroll of enchant armour {unknown}
Potions
 d - 2 potions of might
 e - 3 potions of curing {unknown}
 i - 3 potions of ambrosia {unknown}
 j - a potion of mutation {unknown}
 m - a potion of degeneration {unknown}
 o - a potion of brilliance {unknown}
 p - a potion of heal wounds {unknown}


   Skills:
 + Level 4.4 Fighting
 * Level 4.3 Axes
 + Level 4.4 Armour
 + Level 1.9 Dodging
 - Level 3.6 Shields


You had 3 spell levels left.
You didn't know any spells.
Your spell library contained the following spells:

 Spells                   Type           Power        Failure   Level
 Corona                   Hex            0%           99%         1
 Ensorcelled Hibernation  Hex/Ice        0%           100%        2
 Confusing Touch          Hex            0%           100%        3
 Dazzling Flash           Conj/Hex       0%           100%        3
 Tukima's Dance           Hex            0%           100%        3


Dungeon Overview and Level Annotations

Branches:
Dungeon (2/15)

Altars:

Annotations:
D:2 Natasha


Innate Abilities, Weirdness & Mutations

You reflexively headbutt those who attack you in melee.
You have a pair of horns on your head.


Message History

The orc priest miscasts a cantrip.
You block the orc priest's attack.
You closely miss the orc priest. You hit Natasha. Natasha claws you.
The orc priest hits you with a +0 dagger.
You block Natasha's attack. You block the orc priest's attack.
You hit the orc priest but do no damage.
You hit Natasha but do no damage. Natasha closely misses you.
The orc priest hits you with a +0 dagger.
Natasha stares at you and mumbles some strange words.
The magic dart hits you.
* * * LOW HITPOINT WARNING * * *
The orc priest begins to cast a cantrip, but forgets the words!
The orc hits you but does no damage.
You barely miss the orc priest. You miss Natasha. You closely miss the orc.
Natasha claws you but does no damage. You block the orc priest's attack.
The orc hits you but does no damage. x2; Natasha claws you.
* * * LOW HITPOINT WARNING * * *
The orc priest looks braver for a moment.
The orc hits you with a +0 mace.
You die...

. ######
...#<...## ♣
.........#####
.
......h@)....#
♣
...#..ooo..#.#
. .
#.≈...≈.#.# .
#.......#.# .
#.......#.# .
#.......#.# ##
#.≈...≈.#.# .
#.......#.# .
#... #.#


You could see an orc priest, Natasha and 2 orcs.

Vanquished Creatures
  Jessica (D:2)
  Natasha (D:2)
  2 adders (D:2)
  2 oozes
  A worm (D:2)
  2 dart slugs (D:1)
  2 leopard geckos (D:1)
  2 orcs (D:2)
  6 bats
  3 giant cockroaches
  3 goblins
  2 hobgoblins (D:1)
  A jackal (D:2)
  4 frilled lizards
  6 kobolds
  4 rats
42 creatures vanquished.

Notes
Turn   | Place    | Note
-------+----------+-------------------------------------------
     0 | D:1      | tardwrangler69 the Minotaur Fighter began the quest for the
                  | Orb.
     0 | D:1      | Reached XP level 1. HP: 19/19 MP: 0/0
   113 | D:1      | Reached XP level 2. HP: 24/27 MP: 1/1
   439 | D:1      | Reached skill level 1 in Dodging
   646 | D:1      | Reached XP level 3. HP: 33/33 MP: 2/2
   835 | D:2      | Noticed Natasha
   837 | D:2      | Killed Natasha
   872 | D:2      | Reached XP level 4. HP: 40/40 MP: 3/3
   956 | D:2      | Noticed Jessica
   960 | D:2      | Killed Jessica
  1001 | D:2      | Noticed Natasha
  1008 | D:2      | Slain by an orc

Illustrated notes

Levels and vault maps discovered:
D:1:      saegor_arrival_simple_a, layout_loops_ring
D:2:      cheibrodos_pilgrimage, layout_rooms, nzn_hepliaklqana_mist_gate,
          serial_forest, infiniplex_forest_lined_1,
          infiniplex_forest_straight_5, infiniplex_forest_lined_room_3,
          infiniplex_forest_straight_2, infiniplex_forest_straight_2,
          uniq_natasha, uniq_jessica

Skill      XL: |  1  2  3  4 |
---------------+-------------+-----
Axes           | 3 4 |  4.3
Dodging        | 1 |  1.9
Fighting       | 4 |  4.4
Armour         | 4 |  4.4
Shields        | |  3.6

Action                   |  1- 3 |  4- 6 || total
-------------------------+-------+-------++-------
Melee: War axe           |    69 |    25 ||    94
       Headbutt          |    13 |     2 ||    15
Armor: Scale mail        |    38 |    17 ||    55
Dodge: Dodged            |    28 |     9 ||    37
Block: Kite shield       |    40 |    17 ||    57
